 Dungeon Crawl Stone Soup version 0.20.1-1-g8b1a95d (webtiles) character file.

91 Gargoyl the Skirmisher (level 4, -5/41 HPs)
             Began as a Minotaur Abyssal Knight on Sept 8, 2017.
             Was a Follower of Lugonu.
             Slain by Sigmund
             ... wielding a +3 vampiric scythe
              (10 damage)
             ... on level 2 of the Dungeon.
             The game lasted 00:03:20 (1534 turns).

Gargoyl the Skirmisher (Minotaur Abyssal Knight)    Turns: 1534, Time: 00:03:21

Health: -5/41      AC:  4    Str: 22    XL:     4   Next: 33%
Magic:  4/4        EV: 11    Int:  9    God:    Lugonu [*.....]
Gold:   90         SH:  0    Dex: 10    Spells: 3/3 levels left

rFire    . . .     SeeInvis .   g - -2 halberd (curse)
rCold    . . .     Gourm    .   (shield currently unavailable)
rNeg     . . .     Faith    .   b - -1 ring mail (curse)
rPois    .         Spirit   .   (helmet restricted)
rElec    .         Reflect  .   (no cloak)
rCorr    .         Harm     .   (no gloves)
MR       .....                  (no boots)
Stlth    ..........             (no amulet)
Regen    0.2/turn               e - +5 ring of strength
MPRegen  0.1/turn               (no ring)

@: hasted, very quick
A: retaliatory headbutt, horns 2
a: Depart the Abyss, Renounce Religion


You were on level 2 of the Dungeon.
You worshipped Lugonu.
Lugonu was aware of your devotion.
You were very hungry.

You visited 1 branch of the dungeon, and saw 2 of its levels.
You visited the Abyss 1 time.

You collected 90 gold pieces.

Inventory:

Hand Weapons
 a - a +2 hand axe
 g - a cursed -2 halberd (weapon)
Armour
 b - a cursed -1 ring mail (worn)
 i - a +0 plate armour
 k - a +1 ring mail
Jewellery
 e - a +5 ring of strength (left hand)
 j - an uncursed ring of see invisible {unknown}
Potions
 l - a potion of agility
Comestibles
 c - a bread ration
 d - 6 fruits
 f - 2 meat rations


   Skills:
 + Level 4.7 Fighting
 + Level 2.9 Axes
 * Level 3.4 Armour
 + Level 1.7 Dodging
 * Level 2.3 Invocations


You had 3 spell levels left.
You didn't know any spells.

Dungeon Overview and Level Annotations

Branches:
Dungeon (2/15)

Altars:

Annotations:
D:2 Sigmund


Innate Abilities, Weirdness & Mutations

You reflexively headbutt those who attack you in melee.
You have a pair of horns on your head.


Message History

Sigmund draws strength from your wounds!
Attack whom?
Press: ? - help, Dir - move target cursor, f/p - Sigmund
Aim: Sigmund, wielding a vampiric scythe and wearing a robe (heavily wounded)
You reach to attack!
You closely miss Sigmund.
Sigmund is heavily wounded.
Sigmund hits you from afar with a vampiric scythe!
* * * LOW HITPOINT WARNING * * *
Sigmund draws strength from your wounds!
Attack whom?
Press: ? - help, Dir - move target cursor, f/p - Sigmund
Aim: Sigmund, wielding a vampiric scythe and wearing a robe (moderately wounded)
You reach to attack!
You closely miss Sigmund.
Sigmund is moderately wounded.
Sigmund hits you from afar with a vampiric scythe.
* * * LOW HITPOINT WARNING * * *
Sigmund draws strength from your wounds!
It was a potion of haste.
You feel yourself speed up.
Sigmund hits you from afar with a vampiric scythe!
You die...

#.......#
#.......###
#......... ##.
###.......### ...
............ ...
#.......# #.#
#..@...!# #.# #†#
###.# #@# ##..##
#.# .....#### #.#
##.#....######
#.#
#.####......###(#
##.# ####.......#
...# ##+####.#
...# #.# .......
#.#


You could see Sigmund.

Vanquished Creatures
  2 adders (D:2)
  3 gnolls (D:1)
  2 dart slugs (D:1)
  A leopard gecko (D:2)
  2 giant cockroaches (D:1)
  3 goblins
  2 hobgoblins (D:1)
  7 jackals
  4 kobolds
  A ball python (D:1)
  5 bats
  2 frilled lizards (D:2)
  7 rats
41 creatures vanquished.

Notes
Turn   | Place    | Note
-------+----------+-------------------------------------------
     0 | Abyss:1  | Gargoyl the Minotaur Abyssal Knight began the quest for the Orb.
     0 | Abyss:1  | Reached XP level 1. HP: 19/19 MP: 1/1
    21 | Abyss:2  | Noticed a wight
    52 | Abyss:3  | Noticed a rakshasa
    53 | D:1      | Escaped the Abyss
   171 | D:1      | Reached XP level 2. HP: 26/27 MP: 2/2
   237 | D:1      | Reached skill level 4 in Fighting
   302 | D:1      | Reached * piety under Lugonu
   784 | D:2      | Reached XP level 3. HP: 33/33 MP: 3/3
   919 | D:1      | Reached XP level 4. HP: 6/41 MP: 4/4
  1515 | D:2      | Noticed Sigmund
  1534 | D:2      | Slain by Sigmund

Skill      XL: |  1  2  3 |
---------------+----------+-----
Fighting       | 4 |  4.7
Invocations    | 2 |  2.3
Armour         | 3 |  3.4
Axes           | |  2.9
Dodging        | |  1.7

Action                   |  1- 3 |  4- 6 || total
-------------------------+-------+-------++-------
Melee: Hand axe          |    63 |     5 ||    68
       Headbutt          |     8 |     2 ||    10
       Halberd           |       |    27 ||    27
Invok: Depart the Abyss  |     1 |       ||     1
  Use: Potion            |     3 |     1 ||     4
       Scroll            |     2 |     1 ||     3
  Eat: Chunk             |       |     1 ||     1
Armor: Leather armour    |     3 |       ||     3
       Ring mail         |    29 |     8 ||    37
Dodge: Dodged            |    74 |    16 ||    90
